 Dungeon Crawl Stone Soup version 0.17.0-8-gb983d21 (console) character file.

5315 Kloppie the Fighter (level 10, -1/57 HPs)
             Began as a Vine Stalker Fighter on Nov 9, 2015.
             Was a Priest of Makhleb.
             Killed from afar by an electric eel (2 damage)
             ... with a bolt of electricity
             ... on level 10 of the Dungeon.
             The game lasted 00:21:17 (7302 turns).

Kloppie the Fighter (Vine Stalker Fighter)          Turns: 7302, Time: 00:21:17

Health: -1/57      AC: 16    Str: 21    XL:     10   Next: 64%
Magic:  0/11       EV:  4    Int:  8    God:    Makhleb [***...]
Gold:   215        SH:  9    Dex: 15    Spells: 0 memorised, 9 levels left

rFire  . . .     SeeInvis +     a - +1 war axe
rCold  + . .     Clarity  .     x - +0 plate armour
rNeg   + . .     SustAt   .     c - +0 shield
rPois  .         Gourm    .     (no helmet)
rElec  .         Spirit   +     (no cloak)
rCorr  .         Warding  +     g - +1 pair of gloves
rMut   .         Stasis   .     (no boots)
MR     +....                    C - amulet of warding
Stlth  ..........               n - ring of protection from cold
                                f - ring of see invisible

@: somewhat resistant to hostile enchantments, extremely unstealthy
A: fangs 3, regeneration 2, magic shield, antimagic bite, no device heal 3, rot
immunity
a: Minor Destruction, Lesser Servant of Makhleb, Renounce Religion


You were on level 10 of the Dungeon.
You worshipped Makhleb.
Makhleb was most pleased with you.
You were hungry.

You visited 2 branches of the dungeon, and saw 11 of its levels.

You collected 509 gold pieces.
You spent 294 gold pieces at shops.

Inventory:

Hand Weapons
 a - a +1 war axe (weapon)
Missiles
 v - 2 throwing nets (quivered)
Armour
 c - a +0 shield (worn)
 g - a +1 pair of gloves (worn)
 x - a +0 plate armour (worn)
Jewellery
 f - a ring of see invisible (left hand)
 m - an uncursed ring of protection from magic
 n - a ring of protection from cold (right hand)
 p - an uncursed ring of wizardry
 C - an amulet of warding (around neck)
 I - an uncursed ring of stealth
 J - an uncursed ring of flight
 K - an uncursed amulet of resist mutation
Wands
 y - a wand of polymorph (7)
 E - a wand of lightning (2)
 L - a wand of disintegration (12)
 M - a wand of magic darts (40)
Scrolls
 b - 2 scrolls of magic mapping
 o - 3 scrolls of teleportation
 s - 2 scrolls of recharging
 t - 2 scrolls of enchant armour
 u - 8 scrolls of remove curse
 B - a scroll of blinking
 G - a scroll of enchant weapon
 R - a scroll of fog
Potions
 d - 4 potions of might
 h - a potion of haste
 k - a potion of invisibility
 l - 9 potions of curing
 w - 2 potions of resistance
 z - 4 potions of brilliance
 A - a potion of berserk rage
 D - a potion of ambrosia
 F - a potion of agility {unknown}
 N - a potion of poison {unknown}
 P - a potion of cure mutation {unknown}
 Q - 3 potions of flight
Books
 r - a book of Necromancy

   Spells                             Type                      Level
   a - Pain                           Necromancy                   1
   b - Animate Skeleton               Necromancy                   1
   c - Vampiric Draining              Necromancy                   3
   d - Regeneration                   Charms/Necromancy            3
   e - Animate Dead                   Necromancy                   4
   f - Control Undead                 Necromancy                   4
Comestibles
 e - 10 bread rations
 i - a royal jelly
 j - 2 beef jerkies
 q - 4 meat rations
 H - 2 fruits
 O - 2 chunks of flesh


   Skills:
 + Level 8.5 Fighting
 + Level 8.3 Axes
 + Level 8.2 Armour
 - Level 2.6 Shields


You had 9 spell levels left.
You didn't know any spells.

Dungeon Overview and Level Annotations

Branches:
Dungeon (10/15)            Temple (1/1) D:5
   Lair: D:8-11         Orc: D:9-12

Altars:
Ashenzari
Cheibriados
Dithmenos
Elyvilon
Fedhas
Gozag
Kikubaaqudgha
Makhleb
Nemelex Xobeh
Okawaru
Qazlal
Ru
Sif Muna
Trog
Vehumet
Xom
Yredelemnul
Zin
The Shining One

Shops:
D:9 !


Innate Abilities, Weirdness & Mutations

You have razor-sharp teeth.
You heal very quickly.
When hurt, damage is shared between your health and your magic reserves.
Your bite disrupts and absorbs the magic of your enemies.
Potions and wands cannot restore your health.
You are immune to rotting.


Message History

The bolt of electricity hits you!
* * * LOW HITPOINT WARNING * * *
You are feeling hungry.
You hit the electric eel. Your bite misses the electric eel.
The electric eel is severely wounded.
The electric eel shoots out a bolt of lightning at you!
The bolt of electricity hits you!
* * * LOW HITPOINT WARNING * * *
You hit the electric eel but do no damage.
Your bite misses the electric eel.
The electric eel is severely wounded.
You closely miss the electric eel. You bite the electric eel.
You drain its power.
You feel invigorated.
The electric eel is almost dead.
The electric eel shoots out a bolt of lightning at you!
The bolt of electricity hits you!
* * * LOW HITPOINT WARNING * * *
The electric eel shoots out a bolt of lightning at you!
The bolt of electricity hits you!
You die...

#### ############# .....
............. ##≈≈≈#
####≈≈≈##### #≈≈≈≈≈#
##≈≈≈≈≈##
≈≈≈≈≈≈≈#######≈≈≈≈≈≈≈###
.....?.@................
≈≈≈≈≈≈;##≈##≈≈≈≈≈≈≈≈≈≈≈#
≈≈≈≈≈≈≈#≈≈≈##≈≈≈≈≈≈≈≈≈##
#≈≈≈..
≈≈≈≈≈≈#≈≈........≈≈≈≈##
≈≈≈≈..
≈≈.....≈≈.;≈≈##≈.≈≈≈##
≈≈≈≈..
≈#.≈#≈.≈≈.≈≈≈≈##.≈≈##
≈≈≈≈..
#.##≈....≈≈≈≈≈#.≈##
≈≈≈≈..
######≈≈..≈≈≈≈≈≈.##
≈≈≈... ?.........≈≈≈≈≈≈.
######


You could see an electric eel.

Vanquished Creatures
  Pikel (D:6)
  A troll (D:9)
  A spriggan (D:8)
  2 deep elf magi
  Eustachio (D:5)
  Menkaure (D:5)
  A water moccasin (D:9)
  2 black bears
  2 phantoms
  9 ogres
  4 sky beasts
  2 ice beasts
  An orc warrior (D:5)
  A crocodile (D:6)
  A centaur (D:10)
  3 giant frogs
  2 scorpions
  A wyvern skeleton (D:9)
  3 electric eels (D:10)
  3 vampire bats (D:6)
  5 wights (D:8)
  3 crimson imps
  A jelly (D:5)
  5 gnoll shamans
  A wasp zombie (D:10)
  An orc priest (D:6)
  5 hounds
  4 worker ants
  2 giant frog skeletons
  Jessica (D:2)
  An orc wizard (D:6)
  An iguana (D:4)
  A killer bee zombie (D:7)
  A hound zombie (D:4)
  10 adders
  25 gnolls
  An ooze (D:4)
  2 adder skeletons
  2 worms
  6 giant geckos
  11 orcs
  A ball python (D:1)
  5 bats
  3 bat skeletons (D:6)
  2 bat zombies (D:6)
  6 hobgoblins
  13 jackals
  8 kobolds
  A giant cockroach (D:4)
  4 giant newts
  9 goblins
  4 quokkas
  A quokka skeleton (D:8)
  8 rats
196 creatures vanquished.

Vanquished Creatures (others)
  A slave (D:6)
1 creature vanquished.

Grand Total: 197 creatures vanquished

Notes
Turn   | Place    | Note
--------------------------------------------------------------
     0 | D:1      | Kloppie the Vine Stalker Fighter began the quest for the Orb.
     0 | D:1      | Reached XP level 1. HP: 11/11 MP: 2/2
    86 | D:1      | Reached XP level 2. HP: 16/16 MP: 3/3
   309 | D:1      | Reached skill level 3 in Fighting
   323 | D:1      | Reached XP level 3. HP: 20/20 MP: 4/4
   681 | D:2      | Reached XP level 4. HP: 12/24 MP: 3/5
   983 | D:2      | Noticed Jessica
   986 | D:2      | Killed Jessica
   993 | D:2      | Found a faded altar to an unknown god.
  1525 | D:3      | Reached XP level 5. HP: 25/28 MP: 6/6
  2377 | D:4      | Found a glowing silver altar of Zin.
  2455 | D:4      | Gained mutation: You heal very quickly. [Vine Stalker growth]
  2455 | D:4      | Reached XP level 6. HP: 33/33 MP: 7/7
  2460 | D:4      | Noticed an ogre
  2510 | D:4      | Killed an ogre
  2510 | D:4      | Reached skill level 4 in Fighting
  2832 | D:5      | Entered Level 5 of the Dungeon
  2967 | D:5      | Noticed Eustachio
  3023 | D:5      | Found a staircase to the Ecumenical Temple.
  3048 | D:5      | Noticed Menkaure
  3071 | D:5      | Killed Menkaure
  3071 | D:5      | Reached XP level 7. HP: 36/38 MP: 8/8
  3146 | D:5      | Killed Eustachio
  3159 | Temple   | Entered the Ecumenical Temple
  3436 | D:5      | Found a radiant altar of Vehumet.
  3448 | D:5      | Found a white marble altar of Elyvilon.
  3456 | D:5      | Reached skill level 5 in Fighting
  3466 | D:5      | Found a snail-covered altar of Cheibriados.
  3488 | D:5      | Found a burning altar of Makhleb.
  3492 | D:5      | Became a worshipper of Makhleb the Destroyer
  3830 | D:5      | Reached skill level 5 in Armour
  3830 | D:5      | Gained mutation: You have razor-sharp teeth. [Vine Stalker growth]
  3830 | D:5      | Reached XP level 8. HP: 25/43 MP: 9/9
  3938 | D:6      | Found an ancient bone altar of Kikubaaqudgha.
  3954 | D:6      | Reached skill level 5 in Axes
  4058 | D:6      | Noticed Pikel
  4070 | D:6      | Killed Pikel
  4070 | D:6      | Reached skill level 6 in Fighting
  4131 | D:6      | Reached * piety under Makhleb
  4165 | D:6      | Reached XP level 9. HP: 49/49 MP: 10/10
  4695 | D:7      | Reached skill level 7 in Fighting
  5079 | D:8      | Reached ** piety under Makhleb
  5501 | D:8      | Reached XP level 10. HP: 56/56 MP: 9/11
  5787 | D:9      | Reached skill level 8 in Fighting
  5795 | D:9      | Found a sacrificial altar of Ru.
  5818 | D:9      | Reached *** piety under Makhleb
  5901 | D:9      | Found Toutisis's Distillery.
  5909 | D:9      | Bought a potion of flight for 42 gold pieces
  5909 | D:9      | Bought a potion of heal wounds for 70 gold pieces
  5909 | D:9      | Bought a potion of berserk rage for 70 gold pieces
  5909 | D:9      | Bought a potion of ambrosia for 112 gold pieces
  6372 | D:9      | Found a glowing golden altar of the Shining One.
  6524 | D:10     | Entered Level 10 of the Dungeon
  7300 | D:10     | HP: 2/57 [electric eel/bolt of electricity (3)]
  7302 | D:10     | Killed from afar by an electric eel

Action                   |  1- 3 |  4- 6 |  7- 9 | 10-12 || total
-------------------------+-------+-------+-------+-------++-------
Melee: War axe           |   102 |   153 |   328 |   146 ||   729
Throw: Throwing net      |       |     1 |       |       ||     1
Evoke: Wand              |       |     3 |     4 |     2 ||     9
  Use: Scroll            |       |    10 |     1 |     5 ||    16
  Eat: Chunk             |       |     7 |     7 |     6 ||    20
       Pizza             |       |       |     1 |       ||     1
